 Dungeon Crawl Stone Soup version 0.23.2-33-g5129a83184 (webtiles) character file.

Game seed: 7308526425277532969

140 troglodite the Charmwright (level 5, -1/43 HPs)
             Began as a Gnoll Skald on July 5, 2019.
             Killed by divine providence
             ... invoked by an orc priest
              (14 damage)
             ... on level 7 of the Dungeon.
             The game lasted 00:07:09 (3187 turns).

troglodite the Charmwright (Gnoll Skald)            Turns: 3187, Time: 00:07:10

Health: -1/43      AC:  7    Str: 13    XL:     5   Next: 22%
Magic:  12/12      EV: 11    Int: 16    God:
Gold:   206        SH:  3    Dex: 15    Spells: 7/14 levels left

rFire    + . .     SeeInvis .   a - +0 spear
rCold    . . .     Gourm    .   m - +0 buckler
rNeg     . . .     Faith    .   n - +0 ring mail
rPois    .         Spirit   .   (no helmet)
rElec    .         Reflect  .   (no cloak)
rCorr    .         Harm     .   l - +0 pair of gloves
MR       .....                  r - +0 pair of boots
Stlth    +.........             (no amulet)
HPRegen  0.14/turn              i - ring of protection from fire
MPRegen  0.13/turn              (no ring)

@: heavily drained
A: distributed training, fangs 1, strong nose
a: no special abilities


You were on level 7 of the Dungeon.
You were very hungry.

You visited 1 branch of the dungeon, and saw 5 of its levels.

You collected 206 gold pieces.

Inventory:

Hand Weapons
 a - a +0 spear (weapon)
Armour
 l - a +0 pair of gloves (worn)
 m - a +0 buckler (worn)
 n - a +0 ring mail (worn)
 r - a +0 pair of boots (worn)
Jewellery
 i - a ring of protection from fire (left hand)
Wands
 g - a wand of enslavement (7)
Scrolls
 b - a scroll of enchant armour {unknown}
 c - a scroll of teleportation {unknown}
 e - 2 scrolls of remove curse {unknown}
 f - a scroll of enchant weapon {unknown}
 h - a scroll of amnesia {unknown}
 k - 3 scrolls of identify {unknown}
Potions
 j - 2 potions of curing {unknown}
 o - 2 potions of invisibility {unknown}
 p - 3 potions of haste {unknown}
 q - a potion of magic {unknown}
Comestibles
 d - 7 rations


   Skills:
 + Level 4.7(3.5) Fighting
 + Level 1.4(0.2) Short Blades
 + Level 1.4(0.2) Long Blades
 + Level 1.4(0.2) Axes
 + Level 1.4(0.2) Maces & Flails
 + Level 4.7(3.5) Polearms
 + Level 1.4(0.2) Staves
 + Level 1.4(0.2) Slings
 + Level 1.4(0.2) Bows
 + Level 1.4(0.2) Crossbows
 + Level 1.4(0.2) Throwing
 + Level 2.9(1.7) Armour
 + Level 4.7(3.5) Dodging
 + Level 1.4(0.2) Stealth
 + Level 1.4(0.2) Shields
 + Level 1.4(0.2) Unarmed Combat
 + Level 5.1(3.9) Spellcasting
 + Level 1.1(0.0) Conjurations
 + Level 1.1(0.0) Hexes
 + Level 5.5(4.2) Charms
 + Level 1.1(0.0) Summonings
 + Level 1.1(0.0) Necromancy
 + Level 1.1(0.0) Translocations
 + Level 1.1(0.0) Transmutations
 + Level 1.1(0.0) Fire Magic
 + Level 1.1(0.0) Ice Magic
 + Level 1.1(0.0) Air Magic
 + Level 1.1(0.0) Earth Magic
 + Level 1.1(0.0) Poison Magic
 + Level 1.5(0.4) Invocations
 + Level 1.4(0.2) Evocations


You had 7 spell levels left.
You knew the following spells:

 Your Spells              Type           Power        Failure   Level  Hunger
a - Infusion              Chrm           ###.         11%         1    None
b - Spectral Weapon       Hex/Chrm       #.......     58%         3    ###....
c - Regeneration          Chrm/Necr      #.........   58%         3    ###....

Your spell library contained the following spells:

 Spells                   Type           Power        Failure   Level  Hunger
 Song of Slaying          Chrm           ###.....     16%         2    ##.....
 Shroud of Golubria       Chrm/Tloc      #.........   36%         2    ##.....


Dungeon Overview and Level Annotations

Branches:
Dungeon (4/15)
 Temple: D:4-7

Altars:


Innate Abilities, Weirdness & Mutations

Your experience applies equally to all skills.
You have very sharp teeth.
Your uncanny sense of smell can sniff out nearby items.


Message History

The orc wizard casts a spell.
The orc wizard blinks!
The black bear bites you. The black bear claws you.
You block the black bear's attack.
The scorpion stings you but does no damage.
The orc hits you with a +0 mace. The orc wizard barely misses you.
You block the black bear's attack. The black bear barely misses you. x2
The scorpion stings you but does no damage.
The orc priest looks satisfied for a moment.
The black bear closely misses you. The black bear claws you.
The black bear claws you but does no damage.
You block the orc wizard's attack.
There is a stone staircase leading down here.
The orc wizard mumbles some strange words.
The orc wizard blinks!
The orc wizard gestures wildly while chanting.
The orc wizard blinks!
The orc priest mumbles some strange prayers to Beogh against you.
Beogh smites you!
You die...

#........+
#....o..o#
#........#
#....$...#
#......oh#
#..ยง...so#
##..##.s.##
#####..O.#
#...@.#
#.....#
#.....#
##.#...
#######


You could see an orc warrior, a black bear, an ogre, a scorpion, an orc priest,
an orc wizard, an orc and a giant cockroach.

Vanquished Creatures
  A scorpion (D:4)
  2 adders (D:2)
  An ooze (D:1)
  A worm (D:2)
  3 orcs (D:3)
  10 bats
  5 giant cockroaches
  5 goblins
  9 hobgoblins
  2 jackals (D:1)
  12 kobolds
  A quokka (D:3)
  A ball python (D:4)
  9 frilled lizards
  2 rats (D:1)
64 creatures vanquished.

Notes
Turn   | Place    | Note
-------+----------+-------------------------------------------
     0 | D:1      | troglodite the Gnoll Skald began the quest for the Orb.
     0 | D:1      | Reached XP level 1. HP: 20/20 MP: 6/6
   101 | D:1      | Reached XP level 2. HP: 19/26 MP: 7/7
   354 | D:1      | Reached XP level 3. HP: 24/31 MP: 9/9
   369 | D:1      | Learned a level 3 spell: Spectral Weapon
   373 | D:1      | Learned a level 3 spell: Regeneration
   385 | D:1      | Reached skill level 5 in Spellcasting
   879 | D:2      | Reached skill level 1 in Invocations
  1003 | D:2      | Reached skill level 1 in Short Blades
  1003 | D:2      | Reached skill level 1 in Long Blades
  1003 | D:2      | Reached skill level 1 in Axes
  1003 | D:2      | Reached skill level 1 in Maces & Flails
  1003 | D:2      | Reached skill level 1 in Staves
  1003 | D:2      | Reached skill level 1 in Slings
  1003 | D:2      | Reached skill level 1 in Bows
  1003 | D:2      | Reached skill level 1 in Crossbows
  1003 | D:2      | Reached skill level 1 in Throwing
  1003 | D:2      | Reached skill level 1 in Stealth
  1003 | D:2      | Reached skill level 1 in Shields
  1003 | D:2      | Reached skill level 1 in Unarmed Combat
  1003 | D:2      | Reached skill level 1 in Evocations
  1008 | D:2      | Reached XP level 4. HP: 38/38 MP: 11/11
  2959 | D:4      | Reached skill level 1 in Conjurations
  2959 | D:4      | Reached skill level 1 in Hexes
  2959 | D:4      | Reached skill level 1 in Summonings
  2959 | D:4      | Reached skill level 1 in Necromancy
  2959 | D:4      | Reached skill level 1 in Translocations
  2959 | D:4      | Reached skill level 1 in Transmutations
  2959 | D:4      | Reached skill level 1 in Fire Magic
  2959 | D:4      | Reached skill level 1 in Ice Magic
  2959 | D:4      | Reached skill level 1 in Air Magic
  2959 | D:4      | Reached skill level 1 in Earth Magic
  2959 | D:4      | Reached skill level 1 in Poison Magic
  2983 | D:4      | Reached XP level 5. HP: 31/43 MP: 12/12
  3145 | D:4      | You fall through a shaft for 3 floors!
  3157 | D:7      | Noticed an orc warrior
  3170 | D:7      | Noticed an ogre
  3174 | D:7      | Noticed a black bear
  3187 | D:7      | Killed from afar by an orc priest

Skill      XL: |  1  2  3  4 |
---------------+-------------+-----
Spellcasting   | 5 |  5.1
Invocations    | 1 |  1.5
Short Blades   | 1 |  1.4
Long Blades    | 1 |  1.4
Axes           | 1 |  1.4
Maces & Flails | 1 |  1.4
Staves         | 1 |  1.4
Slings         | 1 |  1.4
Bows           | 1 |  1.4
Crossbows      | 1 |  1.4
Throwing       | 1 |  1.4
Stealth        | 1 |  1.4
Shields        | 1 |  1.4
Unarmed Combat | 1 |  1.4
Evocations     | 1 |  1.4
Conjurations   | 1 |  1.1
Hexes          | 1 |  1.1
Summonings     | 1 |  1.1
Necromancy     | 1 |  1.1
Translocations | 1 |  1.1
Transmutations | 1 |  1.1
Fire Magic     | 1 |  1.1
Ice Magic      | 1 |  1.1
Air Magic      | 1 |  1.1
Earth Magic    | 1 |  1.1
Poison Magic   | 1 |  1.1
Fighting       | |  4.7
Polearms       | |  4.7
Armour         | |  2.9
Dodging        | |  4.7
Charms         | |  5.5

Action                   |  1- 3 |  4- 6 || total
-------------------------+-------+-------++-------
Melee: Spear             |   129 |   124 ||   253
       Bite              |    11 |    10 ||    21
 Stab: Sleeping          |     2 |       ||     2
  Eat: Chunk             |       |     6 ||     6
Armor: Leather armour    |    18 |       ||    18
       Ring mail         |     5 |    35 ||    40
Dodge: Dodged            |    63 |    75 ||   138
Block: Buckler           |     2 |    20 ||    22
